 Dungeon Crawl Stone Soup version 0.30.1-11-g7821555f0a (webtiles) character file.

Game seed: 10254944860640429388

109 lonewolfV2 the Covered (level 5, -10/41 HPs)
             Began as a Formicid Fighter on Nov 2, 2023.
             Killed by divine providence
             ... invoked by an orc priest
              (16 damage)
             ... on level 3 of the Dungeon.
             The game lasted 00:04:23 (1539 turns).

lonewolfV2 the Covered (Formicid Fighter)           Turns: 1539, Time: 00:04:23

Health: -10/41     AC: 13    Str: 23    XL:     5   Next: 13%
Magic:  5/5        EV:  9    Int:  7    God:
Gold:   175        SH:  5    Dex: 13    Spells: 4/4 levels left

rFire   . . .        a - +0 war axe
rCold   . . .        c - +0 buckler
rNeg    . . .        n - +0 chain mail
rPois   .            (helmet unavailable)
rElec   .            k - +0 cloak
rCorr   .            i - +0 pair of gloves
SInv    +            f - +0 pair of boots
Will    .....        (no amulet) Stlth
                     (no ring)
HPRegen 0.26/turn    (no ring)
MPRegen 0.09/turn

%: no passive effects
@: mighty
A: permanent stasis, dig shafts and tunnels, antennae 3, four strong arms
a: Dig, Shaft Self


You were on level 3 of the Dungeon.
You visited 1 branch of the dungeon, and saw 3 of its levels.

You collected 175 gold pieces.

Inventory:

Hand Weapons
 a - a +0 war axe (weapon)
Missiles
 e - 4 silver boomerangs (quivered)
Armour
 c - a +0 buckler (worn)
 f - a +0 pair of boots (worn)
 i - a +0 pair of gloves (worn)
 k - a +0 cloak (worn)
 n - a +0 chain mail (worn)
Scrolls
 l - 2 scrolls of teleportation
 m - a scroll of amnesia {unknown}
 o - a scroll of identify
Potions
 b - a potion of berserk rage {unknown}
 g - 2 potions of brilliance
 h - a potion of lignification {unknown}
 j - a potion of mutation {unknown}


   Skills:
 - Level 3.2 Fighting
 - Level 2.0 Axes
 + Level 4.3 Armour
 * Level 3.1 Dodging
 - Level 4.0 Shields


You had 4 spell levels left.
You didn't know any spells.
Your spell library contained the following spells:

 Spells                   Type           Power      Damage    Failure   Level
 Summon Small Mammal      Summ           0%         N/A       97%         1
 Call Canine Familiar     Summ           0%         N/A       100%        3
 Summon Guardian Golem    Hex/Summ       0%         N/A       100%        3


Dungeon Overview and Level Annotations

Branches:
Dungeon (3/15)

Altars:
Sif Muna

Shops:
D:2 [


Innate Abilities, Weirdness & Mutations

You cannot be hasted, slowed, berserked, paralysed or teleported.
You can dig through walls and to a lower floor.
You have a pair of large antennae on your head. (SInv)
Your four strong arms can wield two-handed weapons with a shield.


Message History

You barely miss the orc. You hit the orc. You block the orc's attack.
The orc barely misses you. You block the orc's attack.
The orc completely misses you.
You feel very mighty all of a sudden. You block the orc's attack.
The orc hits you but does no damage.
You slash the orc!
You kill the orc!
You completely miss the orc. You block the orc's attack.
You closely miss the rat. You slash the orc!
You kill the orc!
The rat barely misses you.
A hobgoblin comes into view.
You closely miss the rat. The rat bites you but does no damage.
You block the rat's attack.
You barely miss the rat. You block the rat's attack.
The orc priest looks encouraged for a moment.
You closely miss the rat. The rat bites you but does no damage.
An orc comes into view. It is wielding a +0 dagger.
The orc priest looks encouraged for a moment.
The rat bites you but does no damage.
The orc shouts!
You slash the rat!
You kill the rat!
You slash the kobold!
You kill the kobold!
The hobgoblin hits you.
* * * LOW HITPOINT WARNING * * *
You completely miss the hobgoblin. The hobgoblin completely misses you.
You slash the hobgoblin!
You kill the hobgoblin!
You closely miss the orc. The orc barely misses you.
The orc hits you but does no damage.
You slice the orc!!
You kill the orc!
The orc priest looks encouraged for a moment.
The orc priest closely misses you.
Items here: ( ))) ? ††.
The orc priest calls down the wrath of Beogh upon you.
Beogh smites you!
You die...

.# ...# ### { ...# #..
...# #... ...#
#...###.. #......#
#....@.# #....o)##
#+##'##'## #..##.)#.##
#...##.#..# #...##.###
########## #.)#).#
#........##+##'##+##
###.######.#.........#


You could see an orc priest.

Vanquished Creatures
  3 adders
  2 worms
  A dart slug (D:3)
  6 orcs (D:3)
  15 ball pythons
  2 bats
  5 endoplasms
  3 giant cockroaches
  4 hobgoblins
  2 jackals (D:1)
  3 quokkas
  2 frilled lizards
  5 goblins
  8 kobolds
  8 rats
69 creatures vanquished.

Notes
Turn   | Place    | Note
-------+----------+-------------------------------------------
     0 | D:1      | lonewolfV2 the Formicid Fighter began the quest for the
                  | Orb.
     0 | D:1      | Reached XP level 1. HP: 18/18 MP: 1/1
    78 | D:1      | Reached skill level 1 in Dodging
    78 | D:1      | Reached XP level 2. HP: 16/24 MP: 2/2
   480 | D:1      | Reached XP level 3. HP: 29/29 MP: 3/3
   585 | D:2      | Found Feczarch's Armour Shop.
   822 | D:2      | Found a shimmering blue altar of Sif Muna.
  1081 | D:2      | Reached XP level 4. HP: 35/35 MP: 4/4
  1513 | D:3      | Reached XP level 5. HP: 35/41 MP: 5/5
  1539 | D:3      | Killed from afar by an orc priest

Illustrated notes

Levels and vault maps discovered:
D:1:      onia_arrival_handbag, layout_rooms
D:2:      layout_rooms, basic_altar, serial_shops, shop, patterned_corridor
D:3:      minmay_chambers_of_threes, layout_basic

Skill      XL: |  1  2  3  4 |
---------------+-------------+-----
Dodging        | 1 2 3 |  3.1
Armour         | 4 |  4.3
Fighting       | |  3.2
Axes           | |  2.0
Shields        | |  4.0

Action                     |  1- 3 |  4- 6 || total
---------------------------+-------+-------++-------
  Melee: War axe           |    86 |    59 ||   145
    Use: Scroll            |     1 |     3 ||     4
         Potion            |       |     1 ||     1
 Armour: Scale mail        |    52 |       ||    52
         Chain mail        |       |    37 ||    37
  Dodge: Dodged            |    40 |    45 ||    85
  Block: Buckler           |    22 |    26 ||    48
